 Dungeon Crawl Stone Soup version 0.22-a0-247-gbddf880757 (webtiles) character file.

2865 RedPan the Carver (level 9, -5/65 HPs)
             Began as a Demonspawn Monk on Feb 25, 2018.
             Was a High Priest of Cheibriados.
             Slain by Gastronok (17 damage)
             ... on level 8 of the Dungeon.
             The game lasted 00:17:06 (7537 turns).

RedPan the Carver (Demonspawn Monk)                 Turns: 7537, Time: 00:17:06

Health: -5/65      AC: 22    Str: 32    XL:     9   Next: 47%
Magic:  0/13       EV: 15    Int: 23    God:    Cheibriados [*****.]
Gold:   169        SH:  0    Dex: 28    Spells: 8/8 levels left

rFire    . . .     SeeInvis .   a - +1 falchion
rCold    . . .     Gourm    .   (no shield)
rNeg     . . .     Faith    .   j - +4 chain mail
rPois    .         Spirit   +   b - +0 helmet
rElec    .         Reflect  .   (no cloak)
rCorr    .         Harm     .   f - +2 pair of gloves
MR       .....                  d - +0 pair of boots
Stlth    ..........             (no amulet)
HPRegen  0.20/turn              q - +3 ring of evasion
MPRegen  0.26/turn              (no ring)

@: mighty, very slightly contaminated, slowed, invisible, very slow
A: icy blue scales 1, magic shield, magic regeneration, magic link, rot immunity
a: Bend Time, Temporal Distortion, Slouch, Step From Time, Renounce Religion


You were on level 8 of the Dungeon.
You worshipped Cheibriados.
Cheibriados was extremely pleased with you.
You were hungry.

You visited 1 branch of the dungeon, and saw 8 of its levels.

You collected 363 gold pieces.
You spent 194 gold pieces at shops.

Inventory:

Hand Weapons
 a - a +1 falchion (weapon)
 p - a +0 long sword
Armour
 b - a +0 helmet (worn)
 d - a +0 pair of boots (worn)
 f - a +2 pair of gloves (worn)
 j - a +4 chain mail (worn)
Jewellery
 q - a +3 ring of evasion (left hand)
Wands
 i - a wand of flame (20)
 n - a wand of polymorph (13)
 t - a wand of enslavement (16)
Scrolls
 o - a scroll of fog
 v - a scroll of teleportation
 w - a scroll of brand weapon {unknown}
 x - a scroll of remove curse
 y - 2 scrolls of identify
Potions
 e - a potion of mutation
 g - 2 potions of curing
 h - 2 potions of lignification
 l - 2 potions of brilliance
 m - 3 potions of magic
 u - a potion of flight {unknown}
Comestibles
 c - 19 rations


   Skills:
 + Level 4.1 Fighting
 + Level 8.7 Long Blades
 + Level 6.3 Armour
 - Level 4.0 Dodging
 - Level 1.7 Stealth
 - Level 6.0 Invocations


You had 8 spell levels left.
You didn't know any spells.

Dungeon Overview and Level Annotations

Branches:
Dungeon (8/15)             Temple (0/1) D:4
   Lair: D:8-11

Altars:
Ashenzari
Cheibriados
Hepliaklqana
Kikubaaqudgha
Makhleb
Nemelex Xobeh
Okawaru
Ru
Sif Muna
Uskayaw
Vehumet
Yredelemnul
Zin

Shops:
D:4 (   D:7 *

Annotations:
D:8 Gastronok


Innate Abilities, Weirdness & Mutations

You are partially covered in icy blue scales. (AC +2)
When hurt, damage is shared between your health and your magic reserves.
You regenerate magic rapidly.
When low on magic, you restore magic in place of health.
You are immune to rotting.


Message History

The air twists around and strikes you!
* * * LOW HITPOINT WARNING * * *
You are very lightly contaminated with residual magic.
Unknown command.
You feel much better.
Gastronok gurgles, "A snack!
A snack!"
Gastronok mumbles some strange words.
You feel sluggish.
You feel much better.
Gastronok waves his eye-stalks in wide circles.
The air twists around and strikes you!
Ouch! That really hurt!
* * * LOW HITPOINT WARNING * * *
Gastronok gurgles, "I'll eat you, I will!"
Gastronok waves his eye-stalks in wide circles.
The air twists around and strikes you!
Gastronok's eyestalks quiver as he mumbles some strange words.
Gastronok gurgles, "I'll eat you, I will!"
Gastronok bites you!!
You die...

.# .. #.##
..## ##..#
...# #..##
#<..# ###
##@.#####....
###w......#
#.........#
#..###.###...
....# #?†.#
..... ###.#
##.. #....#
## .........
######.##.


You could see Gastronok.

Vanquished Creatures
  Pikel (D:7)
  Sigmund (D:2)
  Eustachio (D:5)
  A hungry ghost (D:7)
  Menkaure (D:5)
  Edmund (D:4)
  A black bear (D:6)
  2 orc warriors (D:7)
  3 sky beasts
  An ogre (D:7)
  2 centaurs (D:5)
  2 bullfrogs (D:6)
  A jelly (D:5)
  A howler monkey (D:6)
  A crimson imp (D:5)
  A quasit (D:5)
  3 orc priests
  2 hounds (D:4)
  An orc wizard (D:5)
  2 bullfrog skeletons
  Ijyb (D:6)
  An iguana (D:8)
  4 worker ants
  A hound zombie (D:7)
  A hound skeleton (D:4)
  A howler monkey zombie (D:6)
  A worker ant zombie (D:5)
  Robin (D:3)
  11 adders
  A shadow imp (D:7)
  3 oozes (D:1)
  2 worms (D:2)
  4 dart slugs
  6 leopard geckos
  19 orcs
  10 bats
  4 giant cockroaches
  14 goblins
  7 hobgoblins
  7 jackals
  8 kobolds
  4 quokkas
  8 frilled lizards
  A leopard gecko skeleton (D:3)
  11 rats
160 creatures vanquished.

Vanquished Creatures (others)
  A slave (D:7)
  An ogre (D:7)
  A centaur (D:7)
  A shadow imp (D:5)
  2 orcs (D:7)
6 creatures vanquished.

Grand Total: 166 creatures vanquished

Notes
Turn   | Place    | Note
-------+----------+-------------------------------------------
     0 | D:1      | RedPan the Demonspawn Monk began the quest for the Orb.
     0 | D:1      | Reached XP level 1. HP: 18/18 MP: 1/1
    33 | D:1      | Reached skill level 3 in Long Blades
    52 | D:1      | Gained mutation: You are partially covered in icy blue scales. (AC +2) [demonic ancestry]
    52 | D:1      | Reached XP level 2. HP: 23/24 MP: 2/2
   101 | D:1      | Gained mutation: When hurt, damage is shared between your health and your magic reserves. [demonic ancestry]
   101 | D:1      | Reached XP level 3. HP: 20/29 MP: 3/3
   488 | D:1      | Reached skill level 4 in Long Blades
  1124 | D:2      | Gained mutation: You regenerate magic rapidly. [demonic ancestry]
  1124 | D:2      | Reached XP level 4. HP: 35/35 MP: 4/4
  1188 | D:2      | Noticed Sigmund
  1207 | D:2      | Killed Sigmund
  1207 | D:2      | Reached skill level 5 in Long Blades
  1207 | D:2      | Reached XP level 5. HP: 23/41 MP: 3/5
  1409 | D:2      | Found a snail-covered altar of Cheibriados.
  1418 | D:2      | Became a worshipper of Cheibriados the Contemplative
  1418 | D:2      | Reached * piety under Cheibriados
  1418 | D:2      | Reached ** piety under Cheibriados
  1422 | D:2      | Found an iron altar of Okawaru.
  1989 | D:2      | Reached XP level 6. HP: 46/47 MP: 4/6
  2118 | D:3      | Found a sacrificial altar of Ru.
  2255 | D:3      | Noticed Robin
  2265 | D:3      | Reached *** piety under Cheibriados
  2289 | D:3      | Killed Robin
  2478 | D:3      | Found a basalt altar of Yredelemnul.
  2478 | D:3      | Found a hazy altar of Hepliaklqana.
  2920 | D:4      | Noticed Edmund
  2931 | D:4      | Reached **** piety under Cheibriados
  2962 | D:4      | Killed Edmund
  2962 | D:4      | Reached skill level 6 in Long Blades
  3150 | D:4      | Gained mutation: You are immune to rotting. [demonic ancestry]
  3150 | D:4      | Reached XP level 7. HP: 6/52 MP: 2/7
  3448 | D:4      | Found Plog's Antique Weapon Boutique.
  3470 | D:4      | Bought a long sword for 98 gold pieces
  3666 | D:4      | Found a burning altar of Makhleb.
  3668 | D:4      | Noticed an Executioner
  3730 | D:4      | Found a hide-covered altar of Uskayaw.
  3773 | D:4      | Found a staircase to the Ecumenical Temple.
  4320 | D:5      | Entered Level 5 of the Dungeon
  4320 | D:5      | Noticed Menkaure
  4341 | D:5      | Killed Menkaure
  4708 | D:5      | Reached skill level 7 in Long Blades
  4855 | D:5      | Found a radiant altar of Vehumet.
  4921 | D:5      | Reached skill level 1 in Invocations
  4921 | D:5      | Gained mutation: When low on magic, you restore magic in place of health. [demonic ancestry]
  4921 | D:5      | Reached XP level 8. HP: 29/58 MP: 6/9
  5230 | D:5      | Noticed Eustachio
  5296 | D:5      | Killed Eustachio
  5481 | D:5      | Found an ancient bone altar of Kikubaaqudgha.
  5492 | D:5      | Found a deep blue altar of Sif Muna.
  5498 | D:5      | Identified Sif Muna's Grimoire of Shape Shifting
  5511 | D:5      | Found a sparkling altar of Nemelex Xobeh.
  5658 | D:5      | You fall through a shaft for 2 floors!
  5679 | D:7      | Noticed Pikel
  5707 | D:7      | Killed Pikel
  5707 | D:7      | Reached skill level 8 in Long Blades
  5707 | D:7      | Reached skill level 5 in Armour
  5707 | D:7      | Reached skill level 5 in Invocations
  5719 | D:7      | Reached XP level 9. HP: 63/63 MP: 13/13
  5949 | D:7      | Found Aptir's General Store.
  6243 | D:7      | Bought a scroll of teleportation for 36 gold pieces
  6243 | D:7      | Bought a potion of heal wounds for 60 gold pieces
  6282 | D:7      | Reached ***** piety under Cheibriados
  6341 | D:7      | Found a shattered altar of Ashenzari.
  6495 | D:6      | Noticed Ijyb
  6543 | D:6      | Killed Ijyb
  7285 | D:7      | Found a glowing silver altar of Zin.
  7505 | D:8      | Noticed Gastronok
  7531 | D:8      | HP: 1/65 [Gastronok/the air (18)]
  7537 | D:8      | Slain by Gastronok

Vault maps used:
D:1:      minmay_arrival_jagged
D:2:      lemuel_crystal_altar, okawaru_trees_1, serial_forest,
          infiniplex_forest_clump_diagonal, infiniplex_forest_clump_C,
          infiniplex_forest_clump_small, infiniplex_forest_clump_tiny,
          infiniplex_forest_lined_ring, infiniplex_forest_split,
          infiniplex_forest_end_2, uniq_sigmund
D:3:      chequers_temple_overflow_statue_of_worship, minivault_5,
          nicolae_ru_sacrificial_ziggurat, uniq_robin, uniq_ijyb
D:4:      marbit_many_paths, makhleb_altar_promises_db,
          minmay_temple_entry_grid, serial_shops, nicolae_shop_waterfront,
          uniq_edmund
D:5:      grunt_temple_overflow_magic_moments, kennysheep_mini, first_ration,
          uniq_eustachio, uniq_menkaure
D:7:      kennysheep_little_box, ashenzari_conservatory_becter, serial_shops,
          shop_coins, minmay_misc_feat_square, dk_vineyard_3, uniq_pikel
D:8:      serial_shops, shop, uniq_gastronok

Skill      XL: |  1  2  3  4  5  6  7  8  9 |
---------------+----------------------------+-----
Long Blades    | 3 4 5 6 7 8 |  8.7
Armour         | 2 3 4 5 6 |  6.3
Dodging        | 3 4 |  4.0
Invocations    | 1 5 6 |  6.0
Fighting       | 4 |  4.1
Stealth        | |  1.7

Action                   |  1- 3 |  4- 6 |  7- 9 || total
-------------------------+-------+-------+-------++-------
Melee: Falchion          |   109 |   194 |   407 ||   710
       Unarmed           |       |       |    21 ||    21
Invok: Temporal Distorti |       |       |     1 ||     1
       Bend Time         |       |       |     1 ||     1
  Use: Scroll            |       |    10 |     6 ||    16
       Potion            |       |       |     9 ||     9
 Stab: Distracted        |       |       |     1 ||     1
  Eat: Chunk             |     1 |     3 |     7 ||    11
       Ration            |       |       |     1 ||     1
Armor: Robe              |     7 |       |       ||     7
       Chain mail        |    44 |   126 |   321 ||   491
       Skin              |       |       |     1 ||     1
Dodge: Dodged            |    63 |   105 |   401 ||   569
       Rpst.: Falchion   |    20 |    38 |   102 ||   160

Table legend:
 A = Spawn XP
 B = Non-spawn XP
 C = Spawn XP percentage of total XP
 D = Spawn monster count
 E = Non-spawn monster count
 F = Spawn count percentage of total count
 G = Total turns spent on level
                    A         B        C        D         E        F      G
               +---------+---------+-------+---------+---------+-------+---------
         Total |       0 |    4093 |   0.0 |       0 |     161 |   0.0 |  7537
               +---------+---------+-------+---------+---------+-------+---------
           D:1 |       0 |      65 |   0.0 |       0 |      28 |   0.0 |   896
           D:2 |       0 |     315 |   0.0 |       0 |      22 |   0.0 |  1163
           D:3 |       0 |      91 |   0.0 |       0 |      34 |   0.0 |   834
           D:4 |       0 |     399 |   0.0 |       0 |      16 |   0.0 |  1435
           D:5 |       0 |    1195 |   0.0 |       0 |      24 |   0.0 |  1408
           D:6 |       0 |     480 |   0.0 |       0 |      15 |   0.0 |   521
           D:7 |       0 |    1512 |   0.0 |       0 |      21 |   0.0 |  1246
           D:8 |       0 |      36 |   0.0 |       0 |       1 |   0.0 |    34
               +---------+---------+-------+---------+---------+-------+---------
